 Dungeon Crawl Stone Soup version 0.26-a0-64-g059e62f (webtiles) character file.

Game seed: 6669142636595932734

588 thirtiethelement the Slasher (level 7, 0/55 HPs)
             Began as a Demonspawn Abyssal Knight on June 10, 2020.
             Was a Believer of Lugonu.
             Slain by an orc priest
             ... wielding a +1 whip of holy wrath
              (5 damage)
             ... on level 6 of the Dungeon.
             The game lasted 00:11:43 (6115 turns).

thirtiethelement the Slasher (DsAK)                 Turns: 6115, Time: 00:11:44

Health: 0/55       AC:  3    Str: 14    XL:     7   Next: 15%
Magic:  0/18       EV: 16    Int: 14    God:    Lugonu [**....]
Gold:   216        SH:  0    Dex: 12    Spells: 6/6 levels left

rFire    . . .     SeeInvis .   a - +2 falchion
rCold    . . .     Gourm    .   (no shield)
rNeg     . . .     Faith    .   b - +0 leather armour
rPois    .         Spirit   +   (no helmet)
rElec    .         Reflect  .   (no cloak)
rCorr    .         Harm     .   (no gloves)
MR       .....                  (no boots)
Stlth    +.........             e - amulet of the acrobat
HPRegen  0.18/turn              d - ring of magical power
MPRegen  0.16/turn              k - +4 ring of evasion

@: no status effects
A: claws 2, magic shield
a: Depart the Abyss, Bend Space, Renounce Religion


You were on level 6 of the Dungeon.
You worshipped Lugonu.
Lugonu was pleased with you.
You were hungry.

You visited 1 branch of the dungeon, and saw 6 of its levels.
You visited the Abyss 1 time.

You collected 216 gold pieces.

Inventory:

Hand Weapons
 a - a +2 falchion (weapon)
Missiles
 v - 2 javelins (quivered)
Armour
 b - a +0 leather armour (worn)
Magical Staves
 f - an uncursed staff of energy
Jewellery
 d - a ring of magical power (left claw)
 e - an amulet of the acrobat (around neck)
 k - a +4 ring of evasion (right claw)
 l - an uncursed amulet of guardian spirit
 p - an uncursed ring of flight
Wands
 r - a wand of random effects (1)
Scrolls
 g - a scroll of blinking
 i - a scroll of remove curse
 m - a scroll of enchant weapon
 n - 3 scrolls of identify
 t - a scroll of teleportation
Potions
 h - a potion of haste
 j - 2 potions of stabbing
 o - 2 potions of might
 q - 2 potions of brilliance
 s - a potion of ambrosia
 u - 2 potions of mutation {unknown}
 w - a potion of heal wounds
 z - 2 potions of flight {unknown}
Comestibles
 c - 12 rations


   Skills:
 + Level 4.4 Fighting
 + Level 4.8 Long Blades
 + Level 3.0 Armour
 + Level 2.7 Dodging
 + Level 1.1 Stealth
 + Level 3.0 Invocations
 + Level 1.0 Evocations


You had 6 spell levels left.
You didn't know any spells.
Your spell library was empty.

Dungeon Overview and Level Annotations

Branches:
Dungeon (6/15)
 Temple: D:4-7

Altars:
Fedhas
Gozag
Qazlal
Vehumet

Annotations:
D:4 2 transporters, robertstho's ghost, amateur DEFE


Innate Abilities, Weirdness & Mutations

You have very sharp fingernails.
When hurt, damage is shared between your health and your magic reserves.


Message History

The orc priest invokes the aid of Beogh against you.
Beogh smites you!
* * * LOW HITPOINT WARNING * * *
You hit the orc priest but do no damage.
The orc priest is severely wounded.
The orc priest mumbles some strange prayers to Beogh against you.
Pain shoots through your body!
* * * LOW HITPOINT WARNING * * *
You hit the orc priest.
The orc priest is almost dead.
The orc priest misses you.
You closely miss the orc priest.
The orc priest is almost dead.
The orc priest invokes the aid of Beogh against you.
Beogh smites you!
* * * LOW HITPOINT WARNING * * *
You barely miss the orc priest.
The orc priest is almost dead.
The orc priest hits you with a +1 whip of holy wrath!
You die...

#.#.#.#.#
#<#.#.#.#
#.#...#.#
####.#####
#....#
#.#### #.#
#.# #@#
#o# #o#
#h# #.#
#.# #.#
#.# #>#


You could see an orc priest, an orc and a jackal.

Vanquished Creatures
  Eustachio (D:5)
  An ogre (D:5)
  A scorpion (D:5)
  2 orc wizards
  Jessica (D:3)
  A bullfrog skeleton (D:6)
  Ijyb (D:3)
  Robin (D:3)
  4 adders
  A shadow imp (D:5)
  An ooze (D:2)
  3 worms
  3 dart slugs (D:1)
  4 leopard geckos
  15 orcs
  5 giant cockroaches
  16 goblins
  5 hobgoblins
  4 jackals (D:1)
  2 ball pythons
  6 bats
  2 frilled lizards
  9 kobolds
  A quokka zombie (D:6)
  4 rats
94 creatures vanquished.

Vanquished Creatures (others)
  6 plants (D:4)
6 creatures vanquished.

Grand Total: 100 creatures vanquished

Notes
Turn   | Place    | Note
-------+----------+-------------------------------------------
     0 | Abyss:1  | thirtiethelement the Demonspawn Abyssal Knight began the
                  | quest for the Orb.
     0 | Abyss:1  | Reached XP level 1. HP: 18/18 MP: 2/2
    50 | Abyss:1  | Noticed a small abomination
    63 | Abyss:2  | Found a corrupted altar of Lugonu.
    76 | Abyss:2  | Noticed a sun demon
    85 | Abyss:2  | Noticed a thrashing horror
    87 | D:1      | Escaped the Abyss
   275 | D:1      | Gained mutation: You have sharp fingernails. [demonic
                  | ancestry]
   275 | D:1      | Reached XP level 2. HP: 18/24 MP: 4/4
   921 | D:1      | Reached skill level 1 in Dodging
   921 | D:1      | Gained mutation: You have very sharp fingernails. [demonic
                  | ancestry]
   921 | D:1      | Reached XP level 3. HP: 30/30 MP: 5/5
   927 | D:1      | Reached * piety under Lugonu
  1724 | D:2      | Found a blossoming altar of Fedhas.
  1755 | D:2      | Reached XP level 4. HP: 37/37 MP: 6/6
  2294 | D:2      | Found a stormy altar of Qazlal.
  2301 | D:2      | Found a radiant altar of Vehumet.
  2304 | D:2      | Found an opulent altar of Gozag.
  2463 | D:3      | Reached ** piety under Lugonu
  2674 | D:3      | Noticed Jessica
  2682 | D:3      | Killed Jessica
  2803 | D:3      | Noticed Ijyb
  2847 | D:3      | Killed Ijyb
  2847 | D:3      | Gained mutation: When hurt, damage is shared between your
                  | health and your magic reserves. [demonic ancestry]
  2847 | D:3      | Reached XP level 5. HP: 15/42 MP: 7/7
  3050 | D:3      | Noticed Robin
  3068 | D:3      | Killed Robin
  4120 | D:4      | Found a transporter.
  4140 | D:4      | Noticed robertstho's ghost (amateur DEFE)
  4191 | D:4      | Identified the +0 kite shield "Sumungud" {rF+}
  4240 | D:4      | Found a transporter.
  4727 | D:5      | Entered Level 5 of the Dungeon
  4735 | D:5      | Noticed Eustachio
  4766 | D:5      | HP: 2/42 [ufetubus[Eustachio] (1)]
  4776 | D:5      | HP: 1/42 [ufetubus[Eustachio] (1)]
  5092 | D:5      | Killed Eustachio
  5092 | D:5      | Reached XP level 6. HP: 41/48 MP: 8/8
  5230 | D:5      | Reached skill level 1 in Stealth
  5233 | D:5      | Reached skill level 1 in Evocations
  5239 | D:5      | Reached XP level 7. HP: 29/55 MP: 9/9
  6115 | D:6      | Slain by an orc priest

Illustrated notes

Levels and vault maps discovered:
D:1:      enne_arrival_octagon_isle, layout_basic, minmay_misc_feat_roman
D:2:      layout_rooms, fedhas_altar_1, grunt_temple_overflow_diamond,
          first_ration, minmay_domino_2
D:3:      layout_basic, uniq_jessica, uniq_ijyb, uniq_robin
D:4:      layout_basic, gammafunk_ghost_gnarly_gnolls
D:5:      layout_basic, dk_vineyard_3, uniq_eustachio
D:6:      layout_basic, minmay_temple_entry_drinking_statues, uniq_menkaure,
          uniq_grinder

Skill      XL: |  1  2  3  4  5  6  7 |
---------------+----------------------+-----
Long Blades    | 2 3 4 |  4.8
Dodging        | 1 2 |  2.7
Armour         | 2 3 |  3.0
Fighting       | 4 |  4.4
Invocations    | 3 |  3.0
Stealth        | 1 |  1.1
Evocations     | 1 |  1.0

Action                   |  1- 3 |  4- 6 |  7- 9 || total
-------------------------+-------+-------+-------++-------
Melee: Falchion          |    98 |   222 |    43 ||   363
Invok: Depart the Abyss  |     1 |       |       ||     1
       Bend Space        |       |     2 |       ||     2
Evoke: Wand              |       |     9 |       ||     9
  Use: Scroll            |     7 |     7 |     5 ||    19
       Potion            |       |     2 |       ||     2
  Eat: Chunk             |     3 |     8 |     2 ||    13
       Ration            |       |     1 |       ||     1
Armor: Leather armour    |    29 |    50 |     3 ||    82
Dodge: Dodged            |    91 |   219 |    25 ||   335
       Rpst.: Falchion   |    35 |    68 |    10 ||   113

Table legend:
 A = Non-vault XP
 B = Vault XP
 C = Vault XP percentage of total XP
 D = Non-vault monster count
 E = Vault monster count
 F = Vault count percentage of total count
                 A         B        C        D         E       F
            +---------+---------+-------+---------+---------+-------
      Total |     539 |     301 |  35.8 |      81 |      13 |  13.8
            +---------+---------+-------+---------+---------+-------
        D:1 |      57 |       0 |   0.0 |      29 |       0 |   0.0
        D:2 |      72 |       2 |   2.7 |      18 |       2 |  10.0
        D:3 |      24 |     102 |  81.0 |      13 |      10 |  43.5
        D:4 |      77 |       0 |   0.0 |       8 |       0 |   0.0
        D:5 |     265 |     197 |  42.6 |       9 |       1 |  10.0
        D:6 |      44 |       0 |   0.0 |       4 |       0 |   0.0
            +---------+---------+-------+---------+---------+-------
